 Dungeon Crawl Stone Soup version 0.26.1-2-gb8aa6d0cf2 (webtiles) character file.

Game seed: 4227668495714312788

34 pokeman the Magician (level 3, -1/20 HPs)
             Began as a Deep Elf Hedge Wizard on Feb 11, 2021.
             Slain by a jackal (2 damage)
             ... on level 1 of the Dungeon.
             The game lasted 00:01:45 (1116 turns).

pokeman the Magician (Deep Elf Hedge Wizard)        Turns: 1116, Time: 00:01:45

Health: -1/20      AC:  2    Str:  7    XL:     3   Next: 14%
Magic:  1/11       EV: 13    Int: 19    God:
Gold:   0          SH:  0    Dex: 14    Spells: 11/12 levels left

rFire    . . .     SeeInvis .   a - +0 dagger
rCold    . . .     Faith    .   (no shield)
rNeg     . . .     Spirit   .   b - +0 robe
rPois    .         Reflect  .   c - +0 hat
rElec    .         Harm     .   (no cloak)
rCorr    .         Rampage  .   (no gloves)
Will     .....                  (no boots)
Stlth    ++........             (no amulet)
HPRegen  0.06/turn              (no ring)
MPRegen  0.12/turn              (no ring)

@: no status effects
A: no striking features
a: no special abilities


You were on level 1 of the Dungeon.
You visited 1 branch of the dungeon, and saw 1 of its levels.

Inventory:

Hand Weapons
 a - a +0 dagger (weapon)
Armour
 b - a +0 robe (worn)
 c - a +0 hat (worn)
 g - a +0 leather armour
Scrolls
 e - a scroll of identify {unknown}
 f - a scroll of enchant armour {unknown}
Potions
 d - a potion of lignification {unknown}


   Skills:
 + Level 0.8 Fighting
 + Level 0.7 Armour
 - Level 2.4 Dodging
 - Level 2.4 Stealth
 * Level 5.1 Spellcasting
 + Level 1.7 Conjurations
 - Level 1.1 Summonings
 - Level 1.1 Translocations


You had 11 spell levels left.
You knew the following spells:

 Your Spells              Type           Power        Failure   Level
a - Magic Dart            Conj           44%          6%          1

Your spell library contained the following spells:

 Spells                   Type           Power        Failure   Level
 Blink                    Tloc           N/A          12%         2
 Call Imp                 Summ           9%           12%         2
 Slow                     Hex            4%           19%         2
 Conjure Flame            Conj/Fire      8%           26%         3
 Mephitic Cloud           Conj/Pois/Air  7%           28%         3


Dungeon Overview and Level Annotations

Branches:
Dungeon (1/15)

Altars:


Message History

The jackal barely misses you.
You barely miss the jackal.
The jackal is severely wounded.
The jackal bites you.
* * * LOW HITPOINT WARNING * * *
The jackal misses you.
You hit the jackal but do no damage.
The jackal is severely wounded.
The jackal closely misses you.
You miss the jackal.
The jackal is severely wounded.
The jackal bites you.
* * * LOW HITPOINT WARNING * * *
You hit the jackal but do no damage.
The jackal is severely wounded.
The jackal closely misses you. The jackal completely misses you.
You barely miss the jackal.
The jackal is severely wounded.
The jackal bites you.
You die...

#######....# #...#### #
...##...##.## #####...##.########
...#.##..#..#...........#...#....
...)...................##.#.#....
...#.###..#.##..........#...#....
...##...#.# # #####.#.##.#.##....
#########.# ##.###.###.##....
####### #.# ####.## ##.##.##...(
......# #.# #hh@..###.###.......
#####.###.# ##.###..#.## #######.
##.†......# #........#### ##.
##.##.#######..#.#......# #..
##.##.# #.g......###.## #..
......# #.#.#............ #..
####### #.##.##.#..###.### ###
#.# #........##. ## #...........#


You could see 2 jackals.

Vanquished Creatures
  2 dart slugs (D:1)
  A leopard gecko (D:1)
  2 giant cockroaches (D:1)
  7 goblins (D:1)
  5 hobgoblins (D:1)
  2 jackals (D:1)
  2 bats (D:1)
  A frilled lizard (D:1)
  3 kobolds (D:1)
25 creatures vanquished.

Notes
Turn   | Place    | Note
-------+----------+-------------------------------------------
     0 | D:1      | pokeman the Deep Elf Hedge Wizard began the quest for the
                  | Orb.
     0 | D:1      | Reached XP level 1. HP: 10/10 MP: 7/7
   291 | D:1      | Reached XP level 2. HP: 16/16 MP: 6/9
   785 | D:1      | Reached skill level 5 in Spellcasting
   993 | D:1      | Reached XP level 3. HP: 20/20 MP: 7/11
  1114 | D:1      | HP: 1/20 [jackal (2)]
  1116 | D:1      | Slain by a jackal

Illustrated notes

Levels and vault maps discovered:
D:1:      amcnicky_arrival_flooded_fountain, layout_loops_cross,
          minmay_pentomino_q4

Skill      XL: |  1  2 |
---------------+-------+-----
Spellcasting   | 5 |  5.1
Fighting       | |  0.8
Armour         | |  0.7
Dodging        | |  2.4
Stealth        | |  2.4
Conjurations   | |  1.7
Summonings     | |  1.1
Translocations | |  1.1

Action                   || total
-------------------------++-------
Melee: Dagger            ||    27
 Cast: Magic Dart        ||    77
Armor: Robe              ||    10
Dodge: Dodged            ||    40
